 Dungeon Crawl Stone Soup version 0.20-a0-502-g555d78b (webtiles) character file.

249384 Flooderbenga the Merry Centaur (level 19, -1/161 HPs)
             Began as a Centaur Hunter on Jan 16, 2017.
             Was a High Priest of Fedhas.
             Slain by a death scarab (18 damage)
             ... on level 4 of the Spider Nest on Jan 20, 2017.
             The game lasted 17:00:34 (66913 turns).

Flooderbenga the Merry Centaur (Centaur Hunter)    Turns: 66913, Time: 17:00:35

Health: -1/161     AC: 19    Str: 19    XL:     19   Next: 27%
Magic:  18/28      EV: 21    Int: 10    God:    Fedhas [*****.]
Gold:   1727       SH:  0    Dex: 31    Spells: 10/30 levels left

rFire    . . .     SeeInvis +   a - +9 longbow (flame)
rCold    . . .     Gourm    .   l - +0 swamp dragon scales
rNeg     . . .     Faith    +   (shield currently unavailable)
rPois    +         Spirit   .   f - +1 hat
rElec    +         Reflect  .   Q - +1 cloak {MR+}
rCorr    .         Harm     .   g - +1 pair of gloves {Dex+3}
MR       ++...                  H - +3 centaur barding
Stlth    ++........             V - amulet of Voolurudo {Faith rElec Dex+6}
Regen    0.4/turn               G - +3 ring of strength
                                E - ring of see invisible

@: agile, about to teleport, singing, very slightly contaminated, slowed, repel
missiles, drained
A: hooves 3, deformed body, speed 2, tough skin 3
}: 1/15 runes: decaying
a: Fungal Bloom, Evolution, Sunlight, Growth, Reproduction, Rain, Renounce
Religion, Stop Singing


You were on level 4 of the Spider Nest.
You worshipped Fedhas.
Fedhas was extremely pleased with you.
You were not hungry.

You visited 7 branches of the dungeon, and saw 33 of its levels.
You also visited: Labyrinth and Bailey.

You collected 4312 gold pieces.
You spent 2585 gold pieces at shops.

Inventory:

Hand Weapons
 a - a +9 longbow of flaming (weapon)
 b - the +9 dagger of Chilly Death {flash freeze, rPois rF- rC++ MR+}
   (You found it on level 2 of the Lair of Beasts)

   It has been specially enchanted to freeze those struck by it, causing extra
   injury to most foes and up to half again as much damage against particularly
   susceptible opponents.
   It can also slow down cold-blooded creatures.
   It makes you vulnerable to fire.
   It greatly protects you from cold.
   It protects you from poison.
   It affects your resistance to hostile enchantments.
Missiles
 K - 32 tomahawks
 N - 393 arrows (quivered)
Armour
 f - a +1 hat (worn)
 g - a +1 pair of gloves of dexterity (worn)
 l - +0 swamp dragon scales (worn)
 H - a +3 centaur barding (worn)
 Q - a +1 cloak of magic resistance (worn)
Jewellery
 e - an uncursed ring of flight
 s - a +4 ring of intelligence
 E - a ring of see invisible (left hand)
 G - a +3 ring of strength (right hand)
 V - the amulet of Voolurudo (around neck) {Faith rElec Dex+6}
   (You found it in a labyrinth)

   [amulet of faith]

   It allows you to gain divine favour quickly.
   It affects your dexterity (+6).
   It insulates you from electricity.
Wands
 d - a wand of confusion (22/48)
 h - a wand of scattershot (1/9)
 m - a wand of iceblast (6/15)
 u - a wand of enslavement (12/24) {@v5}
 y - a wand of flame (24/48)
 z - a wand of disintegration (13/24)
 B - a wand of paralysis (13/24)
 C - a wand of lightning (10/15)
 X - a wand of polymorph (13/24)
 Y - a wand of lightning (11/15)
Scrolls
 c - 4 scrolls of fear {@r5}
 i - 2 scrolls of recharging
 n - 3 scrolls of summoning {found in a Bailey}
 p - 8 scrolls of teleportation {@r3}
 r - 4 scrolls of identify {@r1}
 t - 4 scrolls of immolation
 w - 2 scrolls of brand weapon
 F - 9 scrolls of remove curse {@r2}
 I - 5 scrolls of magic mapping
 M - 2 scrolls of fog {@r4}
Potions
 j - a potion of haste {@q3}
 o - 2 potions of agility {@q5}
 q - 2 potions of curing {@q1}
 v - a potion of might {@q4}
 x - a potion of heal wounds {@q2}
 A - 2 potions of cancellation
 O - 2 potions of flight
 Z - a potion of brilliance
Books
 P - a book of Debilitation

   Spells                             Type                      Level
   a - Corona                         Hexes                        1
   b - Slow                           Hexes                        2
   c - Gell's Gravitas                Hexes/Translocation          3
   d - Inner Flame                    Hexes/Fire                   3
   e - Cause Fear                     Hexes                        4
   f - Leda's Liquefaction            Hexes/Earth                  4
 S - Vuanorei's Easy Sorcery
   (You found it on level 3 of the Spider Nest)

   Spells                             Type                      Level
   a - Regeneration                   Charms/Necromancy            3
   b - Ignite Poison                  Fire/Transmutation/Poison    3
   c - Confuse                        Hexes                        3
   d - Tukima's Dance                 Hexes                        3
   e - Portal Projectile              Translocation                3
 U - a book of Clouds

   Spells                             Type                      Level
   a - Poisonous Vapours              Poison/Air                   2
   b - Mephitic Cloud                 Conjuration/Poison/Air       3
   c - Conjure Flame                  Conjuration/Fire             3
   d - Freezing Cloud                 Conjuration/Ice/Air          6
   e - Ring of Flames                 Charms/Fire                  7
Miscellaneous
 k - a phantom mirror
 L - a lamp of fire
 R - a fan of gales
 W - 2 sacks of spiders
Comestibles
 D - 22 fruits {@e2}
 J - 2 chunks of flesh


   Skills:
 + Level 12.5(12.3) Fighting
 O Level 27(26.6) Bows
 + Level 2.7(2.5) Armour
 + Level 10.1(9.9) Dodging
 - Level 0.4(0.2) Stealth
 + Level 6.1(5.9) Spellcasting
 + Level 5.4(5.2) Charms
 - Level 5.3(5.1) Summonings
 - Level 1.0(0.9) Necromancy
 - Level 4.0(3.8) Translocations
 + Level 5.3(5.2) Air Magic
 + Level 11.1(10.9) Invocations
 + Level 10.4(10.2) Evocations


You had 10 spell levels left.
You knew the following spells:

 Your Spells              Type           Power        Failure   Level  Hunger
a - Deflect Missiles      Chrm/Air       ##........   100%        6    #######
b - Summon Butterflies    Summ           ##......     4%          1    None
c - Summon Small Mammal   Summ           ##..         4%          1    None
d - Apportation           Tloc           ##....       10%         1    None
e - Song of Slaying       Chrm           ##......     8%          2    ##.....
f - Shroud of Golubria    Chrm/Tloc      ##........   10%         2    ##.....
m - Repel Missiles        Chrm/Air       ##....       8%          2    ##.....
r - Regeneration          Chrm/Necr      #.........   30%         3    ###....
B - Blink                 Tloc           N/A          14%         2    ##.....


Dungeon Overview and Level Annotations

Branches:
Dungeon (15/15)            Temple (1/1) D:4            Lair (6/6) D:10
  Swamp (4/4) Lair:3       Spider (4/4) Lair:2        Slime (0/5) Lair:5
    Orc (2/2) D:11            Elf (1/3) Orc:2        Vaults (0/5) D:14
 Depths (0/5) D:15

Altars:
Ashenzari
Cheibriados
Dithmenos
Elyvilon
Fedhas
Gozag
Hepliaklqana
Kikubaaqudgha
Makhleb
Nemelex Xobeh
Okawaru
Qazlal
Ru
Sif Muna
Trog
Uskayaw
Vehumet
Xom
Yredelemnul
Zin
The Shining One
Beogh
Jiyva

Shops:
D:5 ?   D:6 *(}[   D:8 (   D:11 }   D:13 (   D:14 }}   Orc:2 ?*[:(


Innate Abilities, Weirdness & Mutations

You have hooves in place of feet.
Armour fits poorly on your strangely shaped body.
You cover ground very quickly.
You have extremely tough skin. (AC +3)


Message History

* * * LOW HITPOINT WARNING * * *
The death scarab draws strength from your injuries!
The spark wasp bursts into living lightning!
The living lightning hits the spectral jumping spider.
The living lightning hits you! You resist.
* * * LOW HITPOINT WARNING * * *
The living lightning misses you.
The spark wasp blinks! x4
The spectral jumping spider completely misses you. x2
The death scarab misses you.
You take 25 damage, and have 17/161 hp.
Okay, then.
Okay, then.
Here: a death scarab The floor.
You don't know that spell.
You miscast Blink.
The floor and the ceiling briefly switch places.
The death scarab bites you!!
You die...
Fedhas appreciates your contribution to the ecosystem.

########.^......
#########################.8.8....
...≈≈≈f.............#≈≈≈#...^.#.#
....≈≈#≈≈≈..#....≈≈≈≈≈≈≈#^.......
...#.≈≈≈≈≈≈≈≈...≈≈≈≈≈...#.8.8....
.........≈≈≈≈≈≈≈≈≈#...#.#..^.....
.#......#.≈≈≈≈#[........#.......#
###################.....#.8.8.###
#.....#.......ss@s#^...##^..^....
#.#.....(.....ZZ#s#.....#........
#.........#....y.Z#.....#.8.8....
#≈..f##########..s#..≈..#........
#≈≈..# #§Z(#..#.≈##.##.... #≈≈≈≈#
#...#.....######... #≈≈###
......'((##....≈.#####... ≈≈≈≈.#
....Z.'.((#...≈..≈≈##≈... ≈≈≈..#
......'...#..^≈≈≈≈≈≈≈≈...


You could see a spark wasp, a spectral jumping spider, a spectral tarantella, 5
death scarabs and a tarantella zombie.

Vanquished Creatures
  Jorgrun (Spider:2)
  Arachne (Spider:2)
  Asterion (Spider:2)
  Gastronok (D:9)
  Frances (Swamp:2)
  4 ghost moths
  5 emperor scorpions
  A very ugly thing (D:14)
  An entropy weaver (Spider:3)
  2 deep elf demonologists (Elf:1)
  A deep elf annihilator (Elf:1)
  2 spark wasps (Spider:4)
  A minotaur (Lab)
  2 deep elf high priests (Elf:1)
  A fire dragon (D:15)
  3 ice dragons
  A yaktaur captain (D:13)
  Fannar (Lair:3)
  7 vault guards (D:14)
  A ghost crab (Swamp:4)
  29 hydras
  10 centaur warriors
  4 alligators
  6 two-headed ogres
  2 death scarabs (Spider:4)
  3 dancing weapons (Elf:1)
  The ghost of Feta the Cleaver, a novice HOFi of Okawaru (D:7)
  A tengu warrior (D:11)
  2 deep troll earth magi (D:13)
  3 orc high priests (Orc:2)
  11 deep elf knights
  3 unseen horrors
  10 skeletal warriors
  4 spriggan druids
  9 swamp dragons
  6 deep elf archers (Elf:1)
  A flayed ghost (D:13)
  A necromancer (D:15)
  2 spectral wolf spiders (Spider:4)
  21 orb spiders
  8 orc knights
  A wolf spider zombie (D:15)
  7 orc sorcerers
  28 wolf spiders
  21 deep elf magi
  4 cyclopes
  17 ugly things
  4 manticores
  3 moths of wrath (Spider:4)
  3 elephants (Lair:5)
  3 black mambas
  2 torpor snails
  2 gargoyles
  4 kobold demonologists
  8 komodo dragons
  23 spiny frogs
  An efreet (D:13)
  A spectral redback (Spider:4)
  9 rime drakes
  12 demonic crawlers
  2 tengu conjurers
  3 meliai (Lair:5)
  A meliai (shapeshifter) (D:15)
  A queen bee (Lair:5)
  39 jumping spiders
  3 trolls
  11 tyrant leeches
  A wolf spider simulacrum (D:15)
  2 spectral jumping spiders (Spider:4)
  3 spectral tarantellas (Spider:4)
  Prince Ribbit (D:5)
  A wind drake (shapeshifter) (D:13)
  23 blink frogs
  15 hornets
  A jumping spider zombie (Spider:4)
  22 slime creatures
  15 hippogriffs
  7 bog bodies
  A meliai zombie (D:14)
  2 water elementals (Elf:1)
  2 vampires
  27 tarantellas
  88 redbacks
  Eustachio (D:5)
  14 spriggans
  4 shadows
  38 yaks
  2 wraiths
  A hog (shapeshifter) (Elf:1)
  3 wyverns
  2 hungry ghosts
  A fire elemental (Elf:1)
  7 basilisks
  21 vampire mosquitoes
  A soldier ant (D:13)
  4 acid dragons
  4 wargs
  16 swamp worms
  Edmund (D:5)
  11 insubstantial wisps
  10 porcupines
  2 spectral hornets (Spider:4)
  17 swamp drakes
  A black bear (D:6)
  10 water moccasins
  Duvessa (D:4)
  15 ice beasts
  40 orc warriors
  2 eyes of draining
  A phantom (D:8)
  5 sky beasts
  8 ogres
  4 necrophages
  11 centaurs
  11 crocodiles
  3 big kobolds
  2 wandering mushrooms
  30 bullfrogs
  An earth elemental (Elf:1)
  2 wyvern skeletons
  3 scorpions
  Dowan (D:4)
  29 killer bees
  8 wights
  3 electric eels
  2 howler monkeys
  3 vampire bats (Lair:5)
  11 crimson imps
  2 quasits
  3 bullfrog skeletons
  11 jellies
  12 centaur skeletons
  17 orc priests
  10 hounds
  5 iguanas
  37 orc wizards
  Crazy Yiuf (D:5)
  Jessica (D:3)
  Ijyb (D:3)
  Natasha (twice) (D:2)
  13 worker ants
  2 hound skeletons
  A worker ant zombie (D:7)
  7 gnolls
  19 adders
  2 shadow imps
  An ooze (D:3)
  2 adder skeletons
  An adder zombie (D:7)
  5 worms
  A dart slug (D:2)
  5 leopard geckos
  124 orcs
  13 bats
  4 giant cockroaches
  6 goblins
  12 hobgoblins
  17 jackals
  3 quokkas
  3 ball pythons
  5 frilled lizards
  14 kobolds
  A leopard gecko skeleton (D:11)
  A leopard gecko zombie (D:5)
  8 rats
1338 creatures vanquished.

Vanquished Creatures (collateral kills)
  Rupert (D:12)
  The ghost of tsouns the Unseen, an adept HaMo of Uskayaw (Swamp:2)
  2 orc warlords (Orc:1)
  A ghost moth (Spider:4)
  An emperor scorpion (Spider:4)
  Harold (Lair:2)
  A vault guard (D:14)
  3 hydras
  2 two-headed ogres
  3 deep elf knights (Elf:1)
  A deep elf archer (Elf:1)
  A spriggan druid (Swamp:3)
  3 swamp dragons (Swamp:4)
  An ugly thing (D:15)
  An orb spider (Spider:1)
  2 deep elf magi (Elf:1)
  An orc knight (Orc:1)
  7 wolf spiders
  A black mamba (Lair:6)
  10 spiny frogs
  A rime drake (Lair:2)
  7 komodo dragons
  An efreet (D:13)
  2 demonic crawlers (Spider:1)
  5 jumping spiders
  2 tyrant leeches (Lair:6)
  A troll (D:15)
  2 polar bears
  13 blink frogs
  3 slime creatures
  7 redbacks
  10 yaks
  A steam dragon (D:12)
  A hungry ghost (D:10)
  5 vampire mosquitoes
  2 swamp worms (Swamp:4)
  An acid dragon (D:12)
  A porcupine (Lair:1)
  2 water moccasins
  13 orc warriors
  A black bear (D:10)
  A swamp drake (Lair:3)
  3 ogres
  2 crocodiles (Lair:6)
  A centaur (D:13)
  10 bullfrogs
  A wyvern skeleton (D:12)
  6 killer bees (Lair:5)
  A wight (D:12)
  A howler monkey (D:9)
  2 hounds (D:9)
  A jelly (Lair:5)
  An orc priest (Orc:1)
  7 orc wizards
  A bullfrog skeleton (D:12)
  An iguana (D:9)
  A worker ant zombie (D:9)
  20 orcs
  3 kobolds (D:12)
188 creatures vanquished.

Vanquished Creatures (others)
  A thorn hunter (Swamp:4)
  A hydra (Swamp:4)
  2 hornets (Swamp:4)
  A spriggan druid (Swamp:4)
  A shambling mangrove (Swamp:4)
  3 wolf spider zombies
  An oklob plant (Lair:2)
  A spiny frog (Swamp:4)
  A redback zombie (Spider:4)
  2 jumping spider zombies (Spider:4)
  A tarantella (Spider:2)
  A swamp drake (Swamp:4)
  An orc warrior (D:12)
  A wight (D:12)
  An orc wizard (D:12)
  102 wandering mushrooms
  A worker ant zombie (D:9)
  3 orcs
  3 ballistomycetes (Orc:2)
  A ballistomycete spore (Orc:2)
  A butterfly (Temple)
  39 fungi
  107 plants
  621 toadstools
897 creatures vanquished.

Grand Total: 2423 creatures vanquished

Notes
Turn   | Place    | Note
-------+----------+-------------------------------------------
     0 | D:1      | Flooderbenga the Centaur Hunter began the quest for the Orb.
     0 | D:1      | Reached XP level 1. HP: 17/17 MP: 1/1
   221 | D:1      | Reached XP level 2. HP: 18/24 MP: 2/2
   334 | D:1      | Reached skill level 6 in Bows
   845 | D:2      | Reached XP level 3. HP: 29/29 MP: 3/3
  1069 | D:2      | Reached skill level 7 in Bows
  1473 | D:2      | Reached XP level 4. HP: 36/36 MP: 4/4
  1591 | D:2      | Noticed Natasha
  1602 | D:2      | Killed Natasha
  1687 | D:2      | Found a burning altar of Makhleb.
  1987 | D:2      | Noticed Natasha
  1996 | D:2      | Killed Natasha
  1996 | D:2      | Reached skill level 8 in Bows
  2086 | D:3      | Found a white marble altar of Elyvilon.
  2103 | D:3      | Reached XP level 5. HP: 39/41 MP: 5/5
  2563 | D:3      | Noticed Ijyb
  2579 | D:3      | Killed Ijyb
  2695 | D:3      | Found a stormy altar of Qazlal.
  2708 | D:3      | Reached skill level 9 in Bows
  2969 | D:3      | Noticed Jessica
  2970 | D:3      | Killed Jessica
  3057 | D:3      | Reached XP level 6. HP: 32/48 MP: 6/6
  3513 | D:4      | Found a staircase to the Ecumenical Temple.
  3524 | D:3      | Reached skill level 10 in Bows
  3858 | Temple   | Entered the Ecumenical Temple
  3970 | Temple   | Became a worshipper of Fedhas Madash
  3988 | D:4      | Found a sacrificial altar of Ru.
  4051 | D:4      | Noticed Duvessa
  4051 | D:4      | Noticed Dowan
  4063 | D:4      | Killed Dowan
  4063 | D:4      | Reached XP level 7. HP: 55/55 MP: 7/7
  4093 | D:4      | Killed Duvessa
  4093 | D:4      | Reached skill level 11 in Bows
  4244 | D:4      | Found a shattered altar of Ashenzari.
  4305 | D:4      | Found a shimmering altar of Xom.
  4476 | D:4      | Reached * piety under Fedhas
  4617 | D:5      | Entered Level 5 of the Dungeon
  4631 | D:5      | Noticed Prince Ribbit
  4638 | D:5      | Killed Prince Ribbit
  4638 | D:5      | Reached skill level 12 in Bows
  4791 | D:5      | Reached XP level 8. HP: 40/61 MP: 8/8
  4946 | D:5      | Found Xites's Magic Scroll Emporium.
  5085 | D:5      | Found a runed door.
  5090 | D:5      | Noticed Crazy Yiuf
  5093 | D:5      | Killed Crazy Yiuf
  5498 | D:5      | Reached skill level 13 in Bows
  5757 | D:5      | Noticed Eustachio
  5773 | D:5      | Killed Eustachio
  5894 | D:5      | Noticed Edmund
  5912 | D:5      | Killed Edmund
  6378 | D:5      | Bought a scroll of fear for 38 gold pieces
  6378 | D:5      | Bought a scroll of teleportation for 33 gold pieces
  6378 | D:5      | Bought a scroll of fog for 22 gold pieces
  6561 | D:5      | Bought a scroll of blinking for 82 gold pieces
  6807 | D:6      | Found Ineaha's Weapon Emporium.
  6819 | D:6      | Found Kafiohog's General Store.
  6839 | D:6      | Reached skill level 1 in Invocations
  7017 | D:6      | Found Heopra's Armour Emporium.
  7048 | D:6      | Found Qeihuyxe's Gadget Emporium.
  7128 | D:6      | Reached skill level 14 in Bows
  8105 | D:6      | Reached XP level 9. HP: 67/67 MP: 10/12
  8388 | D:7      | Reached skill level 5 in Invocations
  8446 | D:7      | Reached ** piety under Fedhas
  8476 | D:7      | Got an encrusted shortbow
  8477 | D:7      | Identified the +4 shortbow "Osicvobb" {venom, rElec rC+ Dex+3 Stlth-} (You found it on level 7 of the Dungeon)
  8703 | D:7      | Reached skill level 15 in Bows
  8852 | D:7      | Identified the Guide on Evil Enhancements
  8861 | D:7      | Learned a level 6 spell: Deflect Missiles
  9271 | D:7      | Noticed Feta's ghost (novice HOFi)
  9519 | D:7      | Killed Feta's ghost
  9519 | D:7      | Reached skill level 16 in Bows
  9835 | D:6      | Bought a +1 hat for 154 gold pieces
 10001 | D:8      | Found Heugatai's Antique Weapon Boutique.
 10027 | D:8      | Reached XP level 10. HP: 56/73 MP: 14/14
 10787 | D:8      | Reached skill level 17 in Bows
 11060 | D:8      | Reached *** piety under Fedhas
 11391 | D:8      | Found a radiant altar of Vehumet.
 11396 | D:8      | Found a glowing golden altar of the Shining One.
 11397 | D:8      | Found an iron altar of Okawaru.
 11398 | D:8      | Found a hide-covered altar of Uskayaw.
 11401 | D:8      | Found a bloodstained altar of Trog.
 11562 | D:8      | Upgraded the game from 0.20-a0-493-g19c8d8d to 0.20-a0-494-gf50ee04
 11605 | D:9      | Found a basalt altar of Yredelemnul.
 11854 | D:9      | Noticed Gastronok
 11882 | D:9      | Killed Gastronok
 11882 | D:9      | Reached skill level 18 in Bows
 11964 | D:9      | Reached skill level 19 in Bows
 12459 | D:9      | Reached skill level 1 in Air Magic
 12727 | D:9      | Reached skill level 1 in Charms
 12727 | D:9      | Reached XP level 11. HP: 61/81 MP: 15/15
 12999 | D:9      | Found a sparkling altar of Nemelex Xobeh.
 13085 | D:9      | Got a pitted lajatang
 13086 | D:9      | Identified the +4 lajatang "Huuffeir" {speed, rF++} (You found it on level 9 of the Dungeon)
 13144 | D:10     | Entered Level 10 of the Dungeon
 13208 | D:10     | Found a viscous altar of Jiyva.
 13379 | D:10     | Found a staircase to the Lair.
 13400 | D:10     | Reached **** piety under Fedhas
 13856 | D:10     | Noticed a two-headed ogre
 13864 | D:10     | Killed a two-headed ogre
 13864 | D:10     | Reached skill level 1 in Spellcasting
 13913 | D:11     | Found a staircase to the Orcish Mines.
 14108 | D:11     | Found a bloodstained altar of Trog.
 14111 | D:11     | Noticed a two-headed ogre
 14118 | D:11     | Killed a two-headed ogre
 14118 | D:11     | Reached skill level 20 in Bows
 14180 | D:11     | Noticed a two-headed ogre
 14191 | D:11     | Killed a two-headed ogre
 14447 | D:11     | Noticed a tengu warrior
 14465 | D:11     | Killed a tengu warrior
 14554 | D:11     | Found Ruefeoteapp's Gadget Boutique.
 14694 | D:11     | Reached skill level 21 in Bows
 14777 | D:11     | Noticed a five-headed hydra
 14810 | D:11     | Killed a five-headed hydra
 15434 | D:5      | Bought a scroll of enchant armour for 82 gold pieces
 15434 | D:5      | Bought a scroll of recharging for 104 gold pieces
 15434 | D:5      | Bought a scroll of blinking for 82 gold pieces
 15439 | D:5      | Bought a scroll of identify for 22 gold pieces
 15439 | D:5      | Bought a scroll of identify for 22 gold pieces
 15439 | D:5      | Bought a scroll of identify for 22 gold pieces
 15579 | D:10     | Learned a level 1 spell: Summon Butterflies
 15613 | D:10     | Gained mutation: You have a pair of small antennae on your head. [mutagenic meat]
 15614 | D:10     | Gained mutation: You are weak. (Str -2) [mutagenic meat]
 15615 | D:10     | Gained mutation: You are resistant to hostile enchantments. (MR+) [mutagenic meat]
 15635 | D:10     | Paralysed by miscasting Deflect Missiles for 2 turns
 15736 | Lair:1   | Entered Level 1 of the Lair of Beasts
 15776 | Lair:1   | Reached XP level 12. HP: 89/91 MP: 16/16
 15784 | Lair:1   | Reached skill level 1 in Summonings
 16526 | Lair:1   | Noticed a four-headed hydra
 16534 | Lair:1   | Killed a four-headed hydra
 16729 | Lair:1   | Reached skill level 22 in Bows
 16996 | Lair:1   | Noticed an eight-headed hydra
 17005 | Lair:1   | Killed an eight-headed hydra
 17701 | Lair:2   | Noticed an ice dragon
 17796 | Lair:2   | Killed an ice dragon
 18131 | Lair:2   | Found a hole to the Spider Nest.
 18167 | Lair:2   | Noticed a six-headed hydra
 18184 | Lair:2   | Killed a six-headed hydra
 18413 | Lair:2   | Reached skill level 5 in Summonings
 18731 | Lair:2   | Reached skill level 23 in Bows
 19297 | Lair:2   | Noticed Harold
 19504 | D:6      | Bought a scroll of teleportation for 42 gold pieces
 19504 | D:6      | Bought a scroll of identify for 28 gold pieces
 19504 | D:6      | Bought a scroll of teleportation for 42 gold pieces
 19910 | Lair:2   | Killed Harold
 19910 | Lair:2   | Reached XP level 13. HP: 70/96 MP: 17/17
 20318 | Lair:3   | Noticed Fannar
 20336 | Lair:3   | Killed Fannar
 20655 | Lair:3   | Reached skill level 1 in Evocations
 21064 | Lair:3   | Found a staircase to the Swamp.
 21847 | Orc:1    | Entered Level 1 of the Orcish Mines
 21932 | Orc:1    | Found a flagged portal.
 21976 | Bailey   | Entered a bailey
 22358 | Bailey   | Reached skill level 5 in Fighting
 22873 | Orc:1    | Upgraded the game from 0.20-a0-494-gf50ee04 to 0.20-a0-495-g2241292
 22937 | Orc:1    | Upgraded the game from 0.20-a0-495-g2241292 to 0.20-a0-501-g0de2c2e
 22988 | Orc:2    | Entered Level 2 of the Orcish Mines
 23484 | Orc:1    | Noticed an orc warlord
 23500 | Orc:1    | Killed an orc warlord
 23734 | Orc:2    | Noticed an orc warlord
 23967 | D:12     | Noticed Rupert
 23986 | D:12     | Killed Rupert
 24652 | D:10     | Learned a level 1 spell: Summon Small Mammal
 25031 | D:10     | Learned a level 1 spell: Apportation
 25506 | Lair:4   | Got a crude arbalest
 25507 | Lair:4   | Identified the +1 arbalest of Symmetry {velocity, rC+ rN+ Str-3 Dex+4} (You found it on level 4 of the Lair of Beasts)
 26732 | Lair:5   | Reached skill level 24 in Bows
 27150 | Lair:5   | Found a staircase to the Slime Pits.
 27514 | Lair:5   | Reached XP level 14. HP: 107/107 MP: 20/20
 28800 | Lair:6   | Entered Level 6 of the Lair of Beasts
 30580 | Lair:6   | Reached skill level 5 in Dodging
 31639 | D:6      | Bought a lamp of fire for 520 gold pieces
 33334 | Lair:6   | Learned a level 2 spell: Song of Slaying
 33357 | Lair:6   | Identified the Volume of Envenoming and Air
 35455 | D:12     | Reached skill level 25 in Bows
 36217 | D:12     | Lost mutation: You are weak. (Str -2) [potion of cure mutation]
 36217 | D:12     | Lost mutation: You are resistant to hostile enchantments. (MR+) [potion of cure mutation]
 36217 | D:12     | Lost mutation: You have a pair of small antennae on your head. [potion of cure mutation]
 36468 | Orc:1    | Killed an orc warlord
 36610 | Orc:2    | Reached skill level 5 in Evocations
 37172 | Orc:2    | Found a roughly hewn altar of Beogh.
 37201 | Orc:2    | Found a staircase to the Elven Halls.
 37352 | Orc:2    | Found Lakhiut's Antique Armour Shoppe.
 37352 | Orc:2    | Found Ocafo's Antique Weapon Emporium.
 37488 | Orc:2    | Found Ithi Aph's General Store.
 37488 | Orc:2    | Found Saim's Book Shoppe.
 37735 | Orc:2    | Bought 23 arrows for 73 gold pieces
 37751 | Orc:2    | Bought a pair of embroidered boots for 273 gold pieces
 37932 | Orc:1    | Reached XP level 15. HP: 118/118 MP: 21/21
 38165 | Orc:2    | Found Uqiwka's Magic Scroll Boutique.
 38186 | Orc:2    | Bought a scroll of identify for 32 gold pieces
 38186 | Orc:2    | Bought a scroll of identify for 32 gold pieces
 38192 | Orc:2    | Gained mutation: You are resistant to electric shocks. (rElec) [potion of beneficial mutation]
 38566 | Elf:1    | Entered Level 1 of the Elven Halls
 38825 | D:13     | Found Vodwytz's Weapon Emporium.
 40276 | D:13     | Gained mutation: You have supernaturally acute eyesight. (SInv) [mutagenic meat]
 40277 | D:13     | Gained mutation: You are dopey. (Int -2) [mutagenic meat]
 40278 | D:13     | Gained mutation: You have sharp fingernails. [mutagenic meat]
 41908 | D:14     | Found a gate to the Vaults.
 42095 | D:14     | Found Ufuteora's Gadget Emporium.
 42274 | D:14     | Found a labyrinth entrance.
 42274 | D:14     | Found Veown's Gadget Shop.
 42284 | Lab      | Entered a labyrinth
 42774 | Lab      | Got an ancient graven amulet
 42778 | Lab      | Identified the amulet of Voolurudo {Faith rElec Dex+6} (You found it in a labyrinth)
 42793 | Lab      | Got a steaming broad axe
 42793 | Lab      | Got a warped plate armour
 42804 | Lab      | Identified the +8 plate armour of the Saviour {+Fly Int-2 Dex+7} (You found it in a labyrinth)
 42808 | Lab      | Identified the +10 broad axe of Eternal Vigilance {venom, Int+3} (You found it in a labyrinth)
 42820 | Lab      | Identified a scroll of acquirement
 43080 | D:14     | Gained mutation: You are surrounded by a mild repulsion field. (EV +2) [mutagenic meat]
 43081 | D:14     | Gained mutation: You are clumsy. (Dex -2) [mutagenic meat]
 44891 | D:14     | Reached XP level 16. HP: 110/130 MP: 22/22
 45664 | D:14     | Paralysed by a hornet for 2 turns
 46024 | D:14     | Upgraded the game from 0.20-a0-501-g0de2c2e to 0.20-a0-502-g555d78b
 46874 | D:12     | Learned a level 3 spell: Regeneration
 48436 | Elf:1    | Got a brightly glowing scimitar {drain}
 48437 | Elf:1    | Identified the cursed +2 scimitar of Responsibility {drain, rPois Dex+2} (You took it off a deep elf archer on level 1 of the Elven Halls)
 48578 | Elf:1    | Gained mutation: You tend to lose your temper in combat. [mutagenic meat]
 48587 | Elf:1    | Gained mutation: Your muscles are strong. (Str +2) [mutagenic meat]
 48592 | Elf:1    | Lost mutation: You have supernaturally acute eyesight. (SInv) [mutagenic meat]
 50135 | Orc:2    | Bought a book of Minor Magic for 280 gold pieces
 50138 | Orc:2    | Learned a level 2 spell: Blink
 50141 | Orc:2    | Learned a level 2 spell: Repel Missiles
 50472 | D:12     | Lost mutation: You are clumsy. (Dex -2) [potion of cure mutation]
 50472 | D:12     | Lost mutation: You tend to lose your temper in combat. [potion of cure mutation]
 50472 | D:12     | Lost mutation: You have sharp fingernails. [potion of cure mutation]
 50472 | D:12     | Lost mutation: You are dopey. (Int -2) [potion of cure mutation]
 50472 | D:12     | Lost mutation: You are surrounded by a mild repulsion field. (EV +2) [potion of cure mutation]
 50509 | D:12     | Learned a level 2 spell: Shroud of Golubria
 50645 | D:15     | Entered Level 15 of the Dungeon
 50661 | D:15     | Reached skill level 26 in Bows
 50661 | D:15     | Reached skill level 1 in Translocations
 50811 | D:15     | Reached skill level 10 in Fighting
 50812 | D:15     | Reached skill level 1 in Necromancy
 51294 | D:15     | Gained mutation: You tend to lose your temper in combat. [mutagenic meat]
 51295 | D:15     | Gained mutation: You expend magic power (3 MP) to strengthen your wands. [mutagenic meat]
 51296 | D:15     | Gained mutation: You are frail. (-10% HP) [mutagenic meat]
 51700 | D:15     | Found a glowing golden altar of the Shining One.
 51950 | D:15     | Reached XP level 17. HP: 108/126 MP: 22/24
 51970 | D:15     | Found a staircase to the Depths.
 52690 | D:14     | Lost mutation: You expend magic power (3 MP) to strengthen your wands. [mutagenic meat]
 52691 | D:14     | Gained mutation: You expend magic power (3 MP) to strengthen your wands. [mutagenic meat]
 52692 | D:14     | Gained mutation: You are dopey. (Int -2) [mutagenic meat]
 52694 | D:14     | Gained mutation: You are clumsy. (Dex -2) [mutagenic meat]
 52697 | D:14     | Bought a phantom mirror for 360 gold pieces
 52697 | D:14     | Bought a sack of spiders for 240 gold pieces
 52820 | D:12     | Lost mutation: You are clumsy. (Dex -2) [potion of cure mutation]
 52820 | D:12     | Lost mutation: You are dopey. (Int -2) [potion of cure mutation]
 52820 | D:12     | Lost mutation: You expend magic power (3 MP) to strengthen your wands. [potion of cure mutation]
 52821 | D:12     | Lost mutation: Your muscles are strong. (Str +2) [potion of cure mutation]
 52821 | D:12     | Lost mutation: You are frail. (-10% HP) [potion of cure mutation]
 52821 | D:12     | Lost mutation: You are resistant to electric shocks. (rElec) [potion of cure mutation]
 52821 | D:12     | Lost mutation: You tend to lose your temper in combat. [potion of cure mutation]
 52934 | Swamp:1  | Entered Level 1 of the Swamp
 53384 | Swamp:1  | Reached ***** piety under Fedhas
 54024 | Swamp:1  | Reached skill level 5 in Spellcasting
 55045 | Swamp:2  | Noticed tsouns's ghost (adept HaMo)
 55059 | Swamp:2  | Killed tsouns's ghost
 55484 | Swamp:2  | Noticed Frances
 55496 | Swamp:2  | Killed Frances
 56936 | Swamp:4  | Entered Level 4 of the Swamp
 58400 | Swamp:4  | Got a decaying rune of Zot
 59238 | Swamp:3  | Reached XP level 18. HP: 111/151 MP: 25/25
 59386 | Spider:1 | Entered Level 1 of the Spider Nest
 59812 | Spider:1 | Reached skill level 27 in Bows
 61172 | Spider:1 | Found a roughly hewn altar of Beogh.
 61369 | Spider:2 | Noticed Arachne
 61449 | Spider:2 | Killed Arachne
 61449 | Spider:2 | Reached skill level 10 in Invocations
 61688 | Spider:2 | Noticed Jorgrun
 62444 | Spider:2 | Noticed Asterion
 62448 | Spider:2 | Killed Jorgrun
 62549 | Spider:2 | Killed Asterion
 62837 | Spider:2 | Reached skill level 1 in Armour
 64370 | Spider:3 | Identified Vuanorei's Easy Sorcery
 64533 | Spider:4 | Entered Level 4 of the Spider Nest
 64542 | Spider:3 | Reached skill level 10 in Evocations
 65238 | Spider:4 | Reached skill level 10 in Dodging
 65502 | Spider:4 | Reached skill level 5 in Air Magic
 65593 | Spider:4 | Reached skill level 5 in Charms
 65594 | Spider:4 | Reached XP level 19. HP: 145/161 MP: 25/27
 66292 | Spider:4 | Gained mutation: You regenerate slowly when monsters are visible. [mutagenic meat]
 66295 | Spider:4 | Lost mutation: You regenerate slowly when monsters are visible. [potion of cure mutation]
 66297 | Spider:4 | Gained mutation: Your body sometimes deteriorates upon taking damage. [mutagenic meat]
 66297 | Spider:4 | Lost mutation: Your body sometimes deteriorates upon taking damage. [potion of cure mutation]
 66913 | Spider:4 | Slain by a death scarab

Vault maps used:
D:1:      minmay_arrival_three_doors, minmay_door_square, serial_bayou_lagoon_b
D:2:      makhleb_blood_cavern_becter, uniq_natasha
D:3:      overflow_temple_1_default, elyvilon_altar_4, uniq_jessica, uniq_iyjb
D:4:      nicolae_ru_great_annihilating_truth, xom_butterflies,
          ashenzari_altar_1, uniq_duvessa
D:5:      serial_shops, nicolae_shop_statue_plus, first_bread,
          hangedman_decor_points, uniq_crazy_yiuf_cottage, uniq_edmund,
          uniq_prince_ribbit1, uniq_eustachio
D:6:      grunt_ministairs_15, minmay_shop_grid_forest
D:7:      cheibrodos_quashed, the_bakery
D:8:      minitemple, serial_shops, shop
D:9:      basic_altar, nemelex_spade_bored_becter, uniq_gastronok
D:10:     erik_lair_orcish_takeover, jiyva_altar_1
D:11:     wad_woods_stonehenge, orc_0_dummy, serial_shops, shop
D:12:     lemuel_flame_loot_1, uniq_rupert
D:13:     kennysheep_snake, serial_shops, shop
D:14:     hangedman_cross_cluster, erik_vaults_2, lab_entry_generic,
          serial_shops, shop, nicolae_shop_statue_plus, moated_statue
D:15:     grunt_enter_depths_hoard, tso_altar
Temple:   minmay_freezing_vapour_temple
Lair:1:   minmay_lair_venomous_thicket, serial_bayou_shore_a,
          serial_bayou_shore_b
Lair:2:   spider_nest_entry_funnel_web, minmay_guarded_unrand_chilly_death,
          lemuel_fruit_tree, minmay_lair_oklob_chamber, uniq_harold
Lair:3:   minmay_swamp_entry_worms, uniq_fannar
Lair:5:   minmay_slime_entry_pillars, roderic_batcave
Lair:6:   minmay_lair_end_frog_pond
Swamp:1:  evilmike_swamp_ruin_house_2
Swamp:2:  evilmike_swamp_ruin_house_4, swamp_pool3, uniq_frances
Swamp:3:  evilmike_swamp_ruin_house_6
Swamp:4:  swamp_alternative, swamp_pool2
Spider:1: nicolae_spider_mines_2, spider_trap, guppyfry_spider_mini_1
Spider:2: uniq_jorgrun, uniq_arachne, uniq_asterion
Spider:4: floodkiller_spider_rune_tomb, spider_trap, nicolae_spider_nook
Orc:1:    enter_bailey_2
Orc:2:    st_orc_congregation, basic_altar, serial_shops, shop
Elf:1:    minmay_elf_arrival_circle, serial_shops, shop, orc_legates,
          statue_in_the_mist_lemuel, hex_medium
Lab:      labyrinth_hidden_loot, lab_hedge
Bailey:   bailey_polearm_5, bailey

Skill      XL: |  1  2  3  4  5  6  7  8  9 10 11 12 13 14 15 16 17 18 19 |
---------------+----------------------------------------------------------+-----
Bows           | 6 7 8 9 10 12 14 16 19 21 23 24 25 26 27 | 27.0
Invocations    | 4 6 8 9 10 11 | 11.1
Air Magic      | 1 3 4 5 |  5.3
Charms         | 1 4 5 |  5.4
Fighting       | 4 5 7 8 10 11 12 | 12.5
Spellcasting   | 1 3 4 5 6 |  6.1
Summonings     | 5 |  5.3
Dodging        | 4 6 7 8 9 10 | 10.1
Evocations     | 3 5 6 8 10 | 10.4
Translocations | 2 3 4 |  4.0
Necromancy     | 1 |  1.0
Armour         | 2 |  2.7
Stealth        | |  0.4

Action                   |  1- 3 |  4- 6 |  7- 9 | 10-12 | 13-15 | 16-18 | 19-21 || total
-------------------------+-------+-------+-------+-------+-------+-------+-------++-------
Melee: Short sword       |       |    53 |   141 |       |       |       |       ||   194
       Kick              |       |     6 |    25 |    36 |   178 |   102 |       ||   347
       Dagger            |       |       |    16 |    59 |   505 |   199 |       ||   779
       Spear             |       |       |     6 |    69 |       |       |       ||    75
       Lajatang          |       |       |       |     3 |       |       |       ||     3
       Trident           |       |       |       |     1 |       |       |       ||     1
       Broad axe         |       |       |       |       |       |    10 |       ||    10
 Fire: Shortbow          |   127 |   159 |   385 |   863 |  1509 |    10 |       ||  3053
       Arbalest          |       |       |       |       |   274 |       |       ||   274
       Longbow           |       |       |       |       |    10 |  1586 |   221 ||  1817
Throw: Stone             |       |       |       |     6 |   156 |       |       ||   162
       Tomahawk          |       |       |       |       |    68 |    18 |       ||    86
       Javelin           |       |       |       |       |    11 |       |       ||    11
       Throwing net      |       |       |       |       |     1 |       |       ||     1
 Cast: Song of Slaying   |       |       |       |       |     1 |    26 |     4 ||    31
       Summon Small Mamm |       |       |       |       |     1 |     1 |       ||     2
       Summon Butterflie |       |       |       |       |     1 |       |       ||     1
       Repel Missiles    |       |       |       |       |       |     5 |       ||     5
       Regeneration      |       |       |       |       |       |     7 |       ||     7
       Shroud of Golubri |       |       |       |       |       |    13 |     1 ||    14
       Blink             |       |       |       |       |       |     3 |     2 ||     5
Invok: Fungal Bloom      |       |     2 |    37 |    25 |    62 |    64 |    14 ||   204
       Evolution         |       |       |       |     8 |    51 |    41 |     4 ||   104
       Sunlight          |       |       |       |       |    29 |    66 |     3 ||    98
       Reproduction      |       |       |       |       |     1 |       |       ||     1
       Rain              |       |       |       |       |       |     1 |       ||     1
       Growth            |       |       |       |       |       |     1 |       ||     1
 Abil: Evoke Flight      |       |       |       |       |       |     2 |       ||     2
Evoke: Wand              |       |       |    10 |       |     6 |     1 |       ||    17
       Lamp of fire      |       |       |       |       |       |     3 |       ||     3
       Sack of spiders   |       |       |       |       |       |     4 |       ||     4
  Use: Scroll            |       |     1 |    10 |    14 |    23 |    22 |     2 ||    72
       Potion            |       |       |       |     4 |    12 |    24 |     3 ||    43
 Stab: Confused          |       |       |       |       |     5 |       |       ||     5
       Distracted        |       |       |       |       |     1 |       |       ||     1
  Eat: Bread ration      |     1 |       |       |       |     2 |     4 |       ||     7
       Chunk             |       |    16 |    13 |    25 |    44 |    27 |     4 ||   129
       Meat ration       |       |       |       |       |     5 |     6 |       ||    11
       Pizza             |       |       |       |       |     2 |     2 |       ||     4
       Beef jerky        |       |       |       |       |     1 |     3 |       ||     4
       Royal jelly       |       |       |       |       |     1 |       |       ||     1
       Fruit             |       |       |       |       |       |       |     1 ||     1
Armor: Leather armour    |    13 |    49 |   117 |   132 |    21 |       |       ||   332
       Robe              |       |       |       |       |   429 |   173 |       ||   602
       Swamp dragon scal |       |       |       |       |       |   165 |    41 ||   206
Dodge: Dodged            |     9 |    58 |    80 |    81 |   524 |   582 |    88 ||  1422
       Deflected         |       |       |       |       |       |    11 |       ||    11
